 Dungeon Crawl Stone Soup version 0.31-a0-210-gccc998df9b (webtiles) character file.

Game seed: 15620664243653645281

14498 rabbitsville the Carver (level 12, -3/110 HPs)
             Began as a Hill Orc Fighter on June 29, 2023.
             Was a High Priest of Lugonu.
             Slain by a 12-headed hydra (10 damage)
             ... on level 2 of the Lair of Beasts.
             The game lasted 00:40:19 (14232 turns).

rabbitsville the Carver (Hill Orc Fighter)         Turns: 14232, Time: 00:40:19

Health: -3/110     AC: 13    Str: 20    XL:     12   Next: 17%
Magic:  20/20      EV: 16    Int:  8    God:    Lugonu [*****.]
Gold:   668        SH:  6    Dex: 25    Spells: 11/11 levels left

rFire   . . .        V - +1 double sword
rCold   . . .        c - +0 buckler
rNeg    . . .        u - +1 chain mail {rC+}
rPois   .            H - +1 helmet "Damnable Contraption" {rC- Will+++ Dex+5}
rElec   .            o - +0 cloak
rCorr   .            (no gloves)
SInv    .            (no boots)
Will    +++..        (no amulet) Stlth
                     y - +5 ring of evasion
HPRegen 0.38/turn    K - +6 ring of dexterity
MPRegen 0.17/turn

%: no passive effects
@: no status effects
A: no striking features
a: Renounce Religion, Depart the Abyss, Banish, Corrupt, Enter the Abyss


You were on level 2 of the Lair of Beasts.
You worshipped Lugonu.
Lugonu was extremely pleased with you.
You visited 2 branches of the dungeon, and saw 13 of its levels.

You collected 668 gold pieces.

Inventory:

Hand Weapons
 a - a +0 long sword
 h - a +0 scimitar
 V - a +1 double sword (weapon)
Missiles
 A - 3 silver boomerangs
 L - 5 poisoned darts (quivered)
 M - 7 boomerangs
 N - 4 silver javelins
 U - 5 javelins
Armour
 b - a +0 scale mail
 c - a +0 buckler (worn)
 o - a +0 cloak (worn)
 u - a +1 chain mail of cold resistance (worn)
 E - +0 steam dragon scales
 F - a +0 helmet
 G - a +1 plate armour of willpower
 H - the +1 helmet "Damnable Contraption" (worn) {rC- Will+++ Dex+5}
   (You found it on level 8 of the Dungeon)

   Dex:       It affects your dexterity (+5).
   rC:        It makes you vulnerable to cold.
   Will:      It greatly increases your willpower.
 J - a +0 troll leather armour
Jewellery
 r - a ring of fire
 s - a +4 ring of protection
 v - an amulet of guardian spirit
 y - a +5 ring of evasion (left hand)
 C - a ring of willpower
 K - a +6 ring of dexterity (right hand)
 O - the ring "Girghool" {+Blink rPois MP+9 Int-2 SInv}
   (You found it on level 9 of the Dungeon)

   [ring of magical power]

   Int:       It affects your intelligence (-2).
   rPois:     It protects you from poison.
   MP:        It affects your magic capacity (+9).
   SInv:      It lets you see invisible.
   +Blink:    It lets you blink.
 P - a ring of fire
 Q - a +6 ring of intelligence
Wands
 z - a wand of iceblast (9)
 R - a wand of acid (7)
 S - a wand of charming (4)
 W - a wand of flame (2)
Scrolls
 f - 3 scrolls of immolation {unknown}
 g - a scroll of silence {unknown}
 i - 6 scrolls of teleportation
 j - 3 scrolls of fear {unknown}
 k - 13 scrolls of identify
 l - 3 scrolls of amnesia {unknown}
 n - a scroll of revelation {unknown}
 w - 3 scrolls of blinking {unknown}
 x - a scroll of enchant armour {unknown}
 D - 2 scrolls of vulnerability {unknown}
 I - a scroll of torment {unknown}
 T - a scroll of poison {unknown}
 X - a scroll of enchant weapon {unknown}
Potions
 d - 5 potions of might
 e - 7 potions of curing
 m - 2 potions of cancellation {unknown}
 p - 2 potions of lignification
 q - 4 potions of enlightenment {unknown}
 t - 2 potions of brilliance {unknown}
 B - a potion of mutation {unknown}


   Skills:
 + Level 11.5 Fighting
 * Level 14.3 Long Blades
 - Level 3.2 Armour
 - Level 5.2 Dodging
 - Level 3.4 Shields
 + Level 11.7 Invocations


You had 11 spell levels left.
You didn't know any spells.
Your spell library contained the following spells:

 Spells                   Type           Power      Damage    Failure   Level
 Apportation              Tloc           0%         N/A       99%         1
 Magic Dart               Conj           0%         1d3       99%         1
 Blink                    Tloc           0%         N/A       99%         2
 Call Imp                 Summ           0%         N/A       99%         2
 Lesser Beckoning         Tloc           0%         N/A       99%         2
 Momentum Strike          Conj/Tloc      0%         3d8       99%         2
 Gell's Gravitas          Tloc           0%         N/A       100%        3
 Inner Flame              Hex/Fire       0%         N/A       100%        3
 Mephitic Cloud           Conj/Pois/Air  0%         N/A       100%        3
 Teleport Other           Tloc           0%         N/A       100%        3
 Alistair's Intoxication  Tmut/Pois      0%         N/A       100%        5
 Yara's Violent Unravell  Hex/Tmut       0%         3d3       100%        5
 Dispersal                Tloc           0%         N/A       100%        6
 Enfeeble                 Hex            0%         N/A       100%        7


Dungeon Overview and Level Annotations

Branches:
Dungeon (11/15)            Temple (0/1) D:4            Lair (1/5) D:8
    Orc (0/2) D:9

Altars:
Dithmenos
Elyvilon
Hepliaklqana
Okawaru
Sif Muna
Trog
Uskayaw
Vehumet
Wu Jian
Yredelemnul
Lugonu

Shops:
D:2 ?   D:11 *


Message History

You block the eight-headed hydra's attack.
You lop one of the eight-headed hydra's heads off!
The seven-headed hydra grows two more!
You slash the nine-headed hydra!
The nine-headed hydra is severely wounded.
The nine-headed hydra bites you but does no damage.
The nine-headed hydra closely misses you.
The nine-headed hydra barely misses you. x2
You block the nine-headed hydra's attack.
The nine-headed hydra closely misses you.
The nine-headed hydra bites you! The nine-headed hydra bites you.
The nine-headed hydra bites you but does no damage.
You hack one of the nine-headed hydra's heads off!
The eight-headed hydra grows two more!
You slice the ten-headed hydra!!
The ten-headed hydra is almost dead.
You chop one of the ten-headed hydra's heads off!
The nine-headed hydra grows two more!
You slash the 11-headed hydra!
The 11-headed hydra is almost dead.
The 11-headed hydra bites you but does no damage.
You block the 11-headed hydra's attack. The 11-headed hydra bites you.
The 11-headed hydra bites you! You block the 11-headed hydra's attack.
The 11-headed hydra completely misses you.
The 11-headed hydra bites you! You block the 11-headed hydra's attack.
The 11-headed hydra barely misses you. The 11-headed hydra bites you!
* * * LOW HITPOINT WARNING * * *
The 11-headed hydra bites you but does no damage.
You lop one of the 11-headed hydra's heads off!
The ten-headed hydra grows two more!
You slice the 12-headed hydra!!
The 12-headed hydra is almost dead.
You block the 12-headed hydra's attack. The 12-headed hydra bites you.
* * * LOW HITPOINT WARNING * * *
The 12-headed hydra closely misses you.
The 12-headed hydra barely misses you. x2
The 12-headed hydra bites you.
* * * LOW HITPOINT WARNING * * *
The 12-headed hydra barely misses you. The 12-headed hydra bites you.
* * * LOW HITPOINT WARNING * * *
The 12-headed hydra bites you!
* * * LOW HITPOINT WARNING * * *
The 12-headed hydra closely misses you. You block the 12-headed hydra's attack.
The 12-headed hydra bites you!
You die...

##...†..#
##.....†##
###.....†.#
#...^...###
##......##
#####.......#
.....}......####
................
........@.......
###.....D.##P.#.P
###......#### #
#.......#
#P.......#
####......#
##......# .......


You could see a 12-headed hydra.

Vanquished Creatures
  Erolcha (D:9)
  A two-headed ogre (D:11)
  Urug (D:11)
  Pikel (D:4)
  A manticore (D:8)
  A cyclops (D:11)
  Maggie (D:9)
  3 komodo dragons
  A troll (D:11)
  A hornet (D:7)
  A raiju (shapeshifter) (D:9)
  2 shadows
  3 wyverns
  15 yaks
  A wraith (D:9)
  4 steam dragons
  5 vampire mosquitoes
  3 wargs
  6 orc warriors
  2 ice beasts (D:7)
  A sky beast (D:6)
  4 wolves (Lair:1)
  A black bear (D:7)
  A hornet zombie (D:5)
  4 centaurs
  A lemure (D:4)
  4 bullfrogs
  A gnoll sergeant (D:9)
  3 scorpions
  7 wights
  A water moccasin zombie (D:5)
  11 killer bees
  4 howler monkeys
  A centaur zombie (D:5)
  A hound (D:5)
  9 orc priests
  5 jellies
  3 iguanas
  A sleepcap (D:7)
  Natasha (thrice) (D:2)
  A scorpion zombie (D:5)
  15 orc wizards
  8 gnolls
  2 adders
  5 shadow imps
  An ufetubus (D:6)
  An adder zombie (D:5)
  3 worms
  2 dart slugs
  30 orcs
  7 bats
  9 endoplasms
  2 giant cockroaches
  8 goblins
  10 hobgoblins
  8 jackals
  3 kobolds
  2 quokkas
  11 ball pythons
  A frilled lizard (D:2)
  6 rats
255 creatures vanquished.

Notes
Turn   | Place    | Note
-------+----------+-------------------------------------------
     0 | D:1      | rabbitsville the Hill Orc Fighter began the quest for the
                  | Orb.
     0 | D:1      | Reached XP level 1. HP: 19/19 MP: 1/1
    95 | D:1      | Reached XP level 2. HP: 25/27 MP: 2/2
   422 | D:1      | Found a faded altar of an unknown god.
   427 | D:1      | Prayed at the altar of an unknown god.
   427 | D:1      | Became a worshipper of Lugonu the Unformed
   427 | D:1      | Reached * piety under Lugonu
   696 | D:2      | Reached XP level 3. HP: 30/33 MP: 3/3
   790 | D:2      | Found Vouruak's Magic Scroll Shoppe.
   954 | D:2      | Noticed Natasha
   959 | D:2      | Killed Natasha
   960 | D:2      | Reached skill level 3 in Long Blades
   960 | D:2      | Reached skill level 1 in Dodging
   960 | D:2      | Reached skill level 1 in Invocations
   960 | D:2      | Reached XP level 4. HP: 37/41 MP: 4/4
  1066 | D:2      | Noticed Natasha
  1080 | D:2      | Killed Natasha
  1278 | D:2      | Noticed Natasha
  1280 | D:2      | Killed Natasha
  1373 | D:2      | Reached XP level 5. HP: 47/47 MP: 6/6
  1814 | D:3      | Reached ** piety under Lugonu
  2505 | D:2      | Reached skill level 4 in Long Blades
  2657 | D:3      | Reached XP level 6. HP: 53/53 MP: 7/7
  2890 | D:3      | Found a shimmering blue altar of Sif Muna.
  3307 | D:4      | Reached skill level 5 in Fighting
  3316 | D:4      | Noticed Pikel
  3343 | D:4      | Killed Pikel
  3344 | D:4      | Reached skill level 6 in Long Blades
  3344 | D:4      | Reached XP level 7. HP: 7/62 MP: 8/10
  3344 | D:4      | Reached XP level 8. HP: 8/70 MP: 8/11
  3674 | D:4      | Found a staircase to the Ecumenical Temple.
  4156 | D:5      | Entered Level 5 of the Dungeon
  4385 | D:5      | Found a basalt altar of Yredelemnul.
  4413 | D:5      | Reached *** piety under Lugonu
  5389 | D:6      | Reached skill level 5 in Invocations
  5407 | D:6      | Reached skill level 7 in Long Blades
  5617 | D:6      | Found a hide-covered altar of Uskayaw.
  5679 | D:6      | Found an iron altar of Okawaru.
  5713 | D:6      | Reached skill level 5 in Dodging
  5864 | D:6      | Reached XP level 9. HP: 63/78 MP: 13/13
  6905 | D:7      | Reached skill level 8 in Long Blades
  7290 | D:7      | Noticed a red ugly thing
  7354 | D:7      | Banished a green ugly thing
  7355 | D:7      | Reached skill level 9 in Long Blades
  7977 | D:7      | Reached XP level 10. HP: 88/88 MP: 15/15
  8216 | D:8      | Identified the +1 helmet "Damnable Contraption" {rC-
                  | Will+++ Dex+5}
  8253 | D:8      | Found a staircase to the Lair.
  8265 | D:8      | Noticed a manticore
  8286 | D:7      | Reached skill level 10 in Long Blades
  8992 | D:8      | Reached skill level 11 in Long Blades
  9156 | D:8      | Reached **** piety under Lugonu
 10117 | D:8      | Found an ornate altar of the Wu Jian Council.
 10117 | D:8      | Found a bloodstained altar of Trog.
 10124 | D:8      | Found a faded altar of an unknown god.
 10126 | D:8      | Found a faded altar of an unknown god.
 10128 | D:8      | Found a white marble altar of Elyvilon.
 10217 | D:8      | Killed a manticore
 10394 | D:9      | Identified the ring "Girghool" {+Blink rPois MP+9 Int-2
                  | SInv}
 10702 | D:9      | Noticed Erolcha
 10708 | D:9      | Reached XP level 11. HP: 99/99 MP: 18/18
 10734 | D:9      | Noticed a boulder beetle
 10744 | D:9      | Banished a boulder beetle
 10745 | D:9      | Reached skill level 10 in Fighting
 10745 | D:9      | Reached skill level 12 in Long Blades
 11032 | D:9      | Noticed Maggie
 11048 | D:9      | Killed Maggie
 11049 | D:9      | Reached skill level 10 in Invocations
 11441 | D:9      | Found a staircase to the Orcish Mines.
 11489 | D:9      | Found a radiant altar of Vehumet.
 11528 | D:9      | Killed Erolcha
 11618 | D:10     | Entered Level 10 of the Dungeon
 11915 | D:10     | Found a shadowy altar of Dithmenos.
 11922 | D:10     | Found a hazy altar of Hepliaklqana.
 11969 | D:10     | Reached skill level 13 in Long Blades
 12489 | D:11     | HP: 5/101 [komodo dragon (6)]
 12811 | D:11     | Noticed a two-headed ogre
 12828 | D:11     | Killed a two-headed ogre
 12933 | D:11     | Noticed Urug
 12945 | D:11     | Killed Urug
 13012 | D:11     | Noticed a cyclops
 13027 | D:11     | Killed a cyclops
 13294 | D:11     | Found Ylag's Mayhem Merchandise.
 13364 | D:11     | Reached XP level 12. HP: 110/110 MP: 20/20
 13422 | D:11     | Identified the +7 flail of Expedience {flame, +Blink Int+5
                  | Dex-4}
 13724 | Lair:1   | Entered Level 1 of the Lair of Beasts
 13884 | Lair:1   | Reached skill level 14 in Long Blades
 14073 | Lair:1   | Reached ***** piety under Lugonu
 14143 | Lair:1   | You fall into a shaft and drop 1 floor!
 14219 | Lair:2   | Noticed a four-headed hydra
 14232 | Lair:2   | Slain by a 12-headed hydra

Illustrated notes

Levels and vault maps discovered:
D:1:      denvon_arrival_waterhouse, layout_basic, ebering_ecumenical_altar_box,
          minmay_tetromino_t4
D:2:      layout_basic, serial_shops, nicolae_shop_real_fake_doors,
          serial_bayou, serial_bayou_pond_d, serial_bayou_pond_a,
          serial_bayou_ford_a, serial_bayou_shore_a, serial_bayou_crossing,
          serial_bayou_lake_a, uniq_natasha
D:3:      layout_loops_ring, mainiacjoe_overflow_alcove_2
D:4:      layout_loops_ring, minmay_temple_entry_fiery, serial_bayou_lagoon_a,
          uniq_pikel
D:5:      layout_layer_cave, nicolae_yredelemnul_corpse_copse
D:6:      layout_loops_corners, okawaru_gym_becter, amcnicky_altar_gilded,
          fountainhead
D:7:      minmay_chambers_of_fours, layout_loops_ring,
          dreamdust_princess_bridge, small_statue_alley_b
D:8:      layout_cave_pools, chequers_temple_overflow_minitemple,
          erik_lair_orcish_takeover
D:9:      layout_big_octagon, vehumet_crystals, orc_0_dummy, uniq_maggie,
          uniq_erolcha
D:10:     layout_roguey, riverfiend_overflow_shadow_ancestor,
          minmay_misc_feat_room, grunt_ministairs_3, nicolae_the_louvre
D:11:     layout_roguey, minmay_shop_mayhem, uniq_urug
Lair:1:   layout_small_grid, nicolae_lair_lakeside_cave,
          infiniplex_staircase_pool, uniq_harold
Lair:2:   layout_hall_layers

Skill      XL: |  1  2  3  4  5  6  7  8  9 10 11 12 |
---------------+-------------------------------------+-----
Fighting       | 4 5 6 8 9 11 | 11.5
Long Blades    | 3 4 6 7 9 11 13 14 | 14.3
Dodging        | 1 2 3 5 |  5.2
Invocations    | 1 2 4 5 7 9 11 | 11.7
Armour         | |  3.2
Shields        | |  3.4

Action                     |  1- 3 |  4- 6 |  7- 9 | 10-12 || total
---------------------------+-------+-------+-------+-------++-------
  Melee: Long sword        |    83 |   211 |   391 |       ||   685
         Scimitar          |       |       |    81 |   477 ||   558
         Double sword      |       |       |       |    81 ||    81
  Throw: Dart              |       |       |       |     8 ||     8
 Invoke: Banish            |       |       |     2 |     1 ||     3
  Evoke: Wand              |       |       |     1 |       ||     1
    Use: Potion            |       |       |     5 |       ||     5
         Scroll            |       |       |     2 |     1 ||     3
 Armour: Scale mail        |    37 |    63 |       |       ||   100
         Chain mail        |       |    28 |   231 |   155 ||   414
         Skin              |       |       |    32 |       ||    32
  Dodge: Dodged            |    31 |    81 |   335 |   305 ||   752
  Block: Buckler           |    30 |    54 |   107 |   137 ||   328

Table legend: (Time is in decaauts)
 A = Elapsed time spent in this place.
 B = Non-inter-level travel time spent in this place.
 C = Inter-level travel time spent in this place.
 D = Time resting spent in this place.
 E = Time spent auto-exploring this place.
 F = Levels seen in this place.
 G = Mean time per level.
                   A        B        C        D        E       F      G
               +--------+--------+--------+--------+--------+-----+--------+
         Total |  14341 |  13581 |    760 |   1554 |   8355 |  13 | 1103.2 |
       Dungeon |  13843 |  13083 |    760 |   1554 |   7972 |  11 | 1258.5 |
          Lair |    498 |    498 |      0 |      0 |    383 |   2 |  249.0 |
               +--------+--------+--------+--------+--------+-----+--------+

Top non-repeatable levels by time:
     D:7: 2366 daAuts
     D:2: 1502 daAuts
     D:9: 1446 daAuts
     D:6: 1317 daAuts
     D:5: 1251 daAuts
     D:8: 1225 daAuts
     D:3: 1177 daAuts
     D:4: 1082 daAuts
    D:11: 895 daAuts
    D:10: 848 daAuts
     D:1: 727 daAuts
  Lair:1: 414 daAuts
  Lair:2: 84 daAuts
